 Seeded DCSS version 0.32-a0-18-g89e19f1 (webtiles) character file.

Game seed: 4402357109279753055 (custom seed)

3490 edsrzf the Trooper (level 10, -3/55 HPs)
             Began as a Vine Stalker Hunter on Jan 14, 2024.
             Was a Follower of Cheibriados.
             Slain by an orc warrior
             ... wielding a +0 dire flail
              (8 damage)
             ... on level 9 of the Dungeon on Jan 15, 2024.
             The game lasted 00:24:16 (7786 turns).

edsrzf the Trooper (Vine Stalker Hunter)            Turns: 7786, Time: 00:24:17

Health: -3/55      AC:  4    Str: 25    XL:     10   Next: 7%
Magic:  0/11       EV: 15    Int: 14    God:    Cheibriados [*.....]
Gold:   383        SH:  0    Dex: 21    Spells: 9/9 levels left

rFire   . . .        b - +0 whip (elec)
rCold   . . .        (no shield)
rNeg    . . .        c - +0 leather armour
rPois   .            (no helmet)
rElec   .            (no cloak)
rCorr   .            w - +0 pair of gloves
SInv    .            (no boots)
Will    +....        (no amulet)
Stlth   ++           y - +6 ring of strength
HPRegen 1.09/turn    (no ring)
MPRegen 0.12/turn

%: guardian spirit
@: slowed, very slow
A: fangs 3, regeneration 1, magic shield, antimagic bite, no potion heal 2
a: Renounce Religion, Bend Time


You were on level 9 of the Dungeon.
You worshipped Cheibriados.
Cheibriados was aware of your devotion.
You visited 2 branches of the dungeon, and saw 10 of its levels.

You collected 383 gold pieces.

Inventory:

Hand Weapons
 a - a +0 orcbow
 b - a +0 whip of electrocution (weapon)
 A - a +3 dagger of freezing
 D - a +1 whip of venom
Missiles
 f - 30 poisoned darts
 l - 2 curare-tipped darts
Armour
 c - a +0 leather armour (worn)
 w - a +0 pair of gloves (worn)
Jewellery
 i - a ring of magical power
 y - a +6 ring of strength (left hand)
 I - a ring of fire
Wands
 m - a wand of mindburst (18)
 t - a wand of charming (14)
 x - a wand of light (1)
Scrolls
 d - 2 scrolls of identify {@r1}
 e - a scroll of blinking {unknown}
 h - 3 scrolls of poison
 n - 2 scrolls of enchant weapon {unknown}
 o - 4 scrolls of brand weapon
 p - a scroll of enchant armour {unknown}
 q - 2 scrolls of fear
 u - a scroll of revelation {unknown}
 v - a scroll of butterflies
 z - a scroll of summoning {unknown}
 C - a scroll of amnesia {unknown}
 F - a scroll of vulnerability {unknown}
 G - 2 scrolls of immolation {unknown}
 J - 2 scrolls of teleportation {unknown}
Potions
 j - 2 potions of lignification
 k - 2 potions of might
 r - a potion of enlightenment
 s - 2 potions of curing
 B - a potion of attraction
 E - a potion of brilliance
 H - a potion of invisibility


   Skills:
 - Level 7.2 Fighting
 - Level 4.1 Short Blades
 + Level 6.1 Maces & Flails
 - Level 3.6 Ranged Weapons
 - Level 5.1 Armour
 + Level 4.7 Dodging
 - Level 1.2 Stealth


You had 9 spell levels left.
You didn't know any spells.
Your spell library contained the following spells:

 Spells                   Type           Power      Damage    Failure   Level
 Dazzling Flash           Conj/Hex       0%         N/A       67%         3
 Volatile Blastmotes      Fire/Tloc      0%         2d10      67%         3
 Starburst                Conj/Fire      0%         6d3       100%        6
 Maxwell's Capacitive Co  Air            0%         ∞         100%        8


Dungeon Overview and Level Annotations

Branches:
Dungeon (9/15)             Temple (1/1) D:6
   Lair: D:8-11         Orc: D:9-12

Altars:
Ashenzari
Cheibriados
Dithmenos
Elyvilon
Fedhas
Gozag
Hepliaklqana
Kikubaaqudgha
Makhleb
Okawaru
Qazlal
Ru
Sif Muna
Trog
Uskayaw
Vehumet
Xom
Yredelemnul
Zin
The Shining One

Shops:
D:5 *

Annotations:
D:5 3 runed translucent doors, BarneyGumball's ghost, novice KoCA
D:7 Prince Ribbit
D:8 2 transporters, exclusion: orange crystal statue


Innate Abilities, Weirdness & Mutations

You have razor-sharp teeth.
Your natural rate of healing is unusually fast.
When hurt, damage is shared between your health and your magic reserves.
Your bite disrupts and absorbs the magic of your enemies.
Potions cannot restore your health.


Message History

The wight is severely damaged.
The wight hits you with a +4 morningstar.
You hit the wight but do no damage. You bite the wight, but do no damage.
The wight is severely damaged.
The wight closely misses you.
You hit the wight. You bite the wight.
You destroy the wight!
Cheibriados appreciates the change of pace.
You have reached level 10!
Saving game... please wait.
Welcome back, edsrzf the Vine Stalker Hunter.
Game seed: 4402357109279753055 (custom seed) Cheibriados says: Take it easy.
Press ? for a list of commands and other information.
Press: ? - help, v - describe, . - travel
Here: a wight, wielding a +2 short sword and wearing a +0 robe The floor.
Press: ? - help, v - describe, . - travel
Here: an orc warrior, wielding a +0 dire flail and wearing a +0 plate armour The floor.
Unknown command.
You hit the wight but do no damage. Lightning courses through the wight!
You bite the wight, but do no damage.
The wight is almost destroyed.
The wight hits you with a +5 falchion!
You hit the wight but do no damage. You bite the wight.
You destroy the wight!
Cheibriados appreciates the change of pace.
You hit the wraith but do no damage. You bite the wraith! You drain its power.
You feel invigorated.
The wraith is moderately damaged.
You whack the wraith! You bite the wraith. You drain its power.
The wraith is severely damaged.
An orc wizard appears from thin air!
The wraith hits you!
The orc wizard gestures wildly while chanting.
The orc wizard flickers and vanishes!
Deactivating autopickup; reactivate with Ctrl-A.
You closely miss the wraith. You bite the wraith. You drain its power.
You feel invigorated.
The wraith is severely damaged.
The wraith hits you. The wraith drains your vigour!
You feel yourself slow down.
Okay, then.
Okay, then.
Aiming: Bolt of Light
Press: ? - help, Shift-Dir - straight line, f - orc
Aim: an orc, wielding a +0 flail (71% to hit)
The bolt of light hits the wraith but does no damage.
The wraith is severely damaged.
The bolt of light hits the orc warrior.
The orc warrior is lightly wounded.
The orc warrior is blinded.
The bolt of light hits the orc!
You kill the orc!
Cheibriados appreciates the change of pace.
The wraith hits you.
* * * LOW HITPOINT WARNING * * *
The wraith drains your vigour!
You feel as though you will be slow longer.
The wraith barely misses you.
You hit the wraith. You bite the wraith.
You destroy the wraith!
Cheibriados appreciates the change of pace.
The orc warrior barely misses you.
Your Maces & Flails skill increases to level 6!
Okay, then.
Press: ? - help, v - describe, . - travel, g - get item
Here: an orc warrior, wielding a +0 dire flail and wearing a +0 plate armour (lightly wounded, blind, unable to see you)
Items here: ( )) [[.
The floor, spattered with blood.
Unknown command.
Okay, then.
Press: ? - help, v - describe, . - travel, g - get item
Here: an orc warrior, wielding a +0 dire flail and wearing a +0 plate armour (lightly wounded, blind, unable to see you)
Items here: ( )) [[.
The floor, spattered with blood.
Okay, then.
You hit the orc warrior but do no damage.
You bite the orc warrior. You drain its power.
You feel invigorated.
The orc warrior is lightly wounded.
The orc warrior hits you with a +0 dire flail!
* * * LOW HITPOINT WARNING * * *
Okay, then.
Okay, then.
Throw: 4 darts (curare)
Press: ? - help, Shift-Dir - straight line, f - wight
Aim: a wight, wielding a +2 short sword and wearing a +0 robe (63% to hit)
You throw a curare-tipped dart.
The curare-tipped dart barely misses the orc warrior.
The curare-tipped dart barely misses the wight.
The orc warrior closely misses you.
Throw: 3 darts (curare)
Press: ? - help, Shift-Dir - straight line, f/p - wight
Aim: a wight, wielding a +2 short sword and wearing a +0 robe (63% to hit)
You throw a curare-tipped dart.
The curare-tipped dart closely misses the orc warrior.
The curare-tipped dart hits the wight.
The orc warrior hits you with a +0 dire flail!
* * * LOW HITPOINT WARNING * * *
The orc warrior hits you with a +0 dire flail!
You die...

### # ### ##.##.###..#..
#....#........#
#.#@##...........# ###
#o##............
##.####z.............
##.#..#.).............
#...............).....
###....................
#####.#...................
##.#.#........(...|........
##))).......................


You could see an orc warrior (blind, unable to see you) and a wight.

Vanquished Creatures
  A kobold demonologist (D:9)
  A wraith (D:9)
  3 yaks (D:9)
  A steam dragon (D:6)
  A water moccasin (D:8)
  2 sky beasts (D:7)
  A black bear (D:4)
  2 centaurs
  5 kobold brigands
  3 bullfrogs
  A water moccasin zombie (D:5)
  2 scorpions
  2 wights (D:9)
  A water moccasin skeleton (D:5)
  2 howler monkeys (D:9)
  A bombardier beetle (D:4)
  2 centaur zombies (D:5)
  A gnoll bouda (D:6)
  2 jellies
  A bullfrog zombie (D:5)
  2 orc priests
  A hound (D:5)
  2 bullfrog skeletons (D:5)
  Jessica (D:2)
  3 iguanas
  Ijyb (D:3)
  2 orc wizards
  2 scorpion zombies (D:5)
  3 sleepcaps
  A hound zombie (D:5)
  A howler monkey zombie (D:5)
  9 gnolls
  12 adders
  2 howler monkey skeletons (D:5)
  A shadow imp (D:5)
  A white imp (D:5)
  2 ufetubi (D:5)
  5 dart slugs
  A ribbon worm (D:3)
  8 orcs
  11 endoplasms
  5 giant cockroaches
  8 goblins
  3 hobgoblins (D:1)
  2 jackals (D:3)
  4 quokkas
  4 ball pythons
  7 bats
  3 frilled lizards (D:1)
  19 kobolds
  9 rats
170 creatures vanquished.

Vanquished Creatures (collateral kills)
  A gnoll (D:4)
  An orc (D:6)
2 creatures vanquished.

Vanquished Creatures (others)
  A yak (D:9)
1 creature vanquished.

Grand Total: 173 creatures vanquished

Notes
Turn   | Place    | Note
-------+----------+-------------------------------------------
     0 | D:1      | edsrzf the Vine Stalker Hunter began the quest for the Orb.
     0 | D:1      | Reached XP level 1. HP: 11/11 MP: 2/2
   105 | D:1      | Reached skill level 2 in Fighting
   265 | D:1      | Reached XP level 2. HP: 16/16 MP: 1/3
   455 | D:1      | Reached skill level 3 in Fighting
   492 | D:1      | Reached XP level 3. HP: 20/20 MP: 4/4
  1156 | D:1      | Identified 5 scrolls of identify
  1156 | D:1      | Identified a potion of heal wounds
  1250 | D:2      | Found a stormy altar of Qazlal.
  1255 | D:2      | Noticed Jessica
  1263 | D:2      | Killed Jessica
  1264 | D:2      | Reached XP level 4. HP: 15/25 MP: 2/5
  1414 | D:2      | Reached skill level 4 in Fighting
  1927 | D:3      | Reached XP level 5. HP: 30/30 MP: 6/6
  2073 | D:3      | Noticed Ijyb
  2079 | D:3      | Killed Ijyb
  2214 | D:3      | Found a basalt altar of Yredelemnul.
  2239 | D:3      | Reached skill level 5 in Fighting
  2639 | D:4      | Noticed a black bear
  2661 | D:4      | Killed a black bear
  2662 | D:4      | Reached XP level 6. HP: 36/36 MP: 4/7
  2865 | D:4      | Identified 4 scrolls of poison
  2984 | D:4      | Reached skill level 6 in Fighting
  3581 | D:5      | Entered Level 5 of the Dungeon
  3581 | D:5      | Found an opulent altar of Gozag.
  3689 | D:5      | Reached XP level 7. HP: 41/41 MP: 8/8
  3771 | D:5      | Reached skill level 7 in Fighting
  3825 | D:5      | Reached skill level 1 in Short Blades
  3881 | D:5      | Found a runed translucent gate.
  3881 | D:5      | Found a runed translucent gate.
  3882 | D:5      | Found a runed translucent gate.
  3884 | D:5      | Noticed BarneyGumball's ghost (novice KoCA)
  3931 | D:5      | Found Gozag's Platinum Reserve.
  3977 | D:5      | Reached skill level 2 in Dodging
  4262 | D:5      | Reached skill level 2 in Short Blades
  4388 | D:5      | Gained mutation: You have razor-sharp teeth. [Vine Stalker
                  | growth]
  4388 | D:5      | Reached XP level 8. HP: 39/46 MP: 9/9
  4401 | D:5      | Reached skill level 3 in Dodging
  4844 | D:6      | Reached skill level 3 in Short Blades
  5059 | D:6      | Identified 4 scrolls of brand weapon
  5073 | D:6      | Reached skill level 4 in Short Blades
  5073 | D:6      | Reached skill level 4 in Dodging
  5286 | D:6      | Found a staircase to the Ecumenical Temple.
  5317 | D:6      | Identified a potion of lignification
  5318 | D:6      | Identified 2 potions of might
  5319 | D:6      | Identified a potion of enlightenment
  5320 | D:6      | Identified 2 potions of curing
  5321 | D:6      | Identified 4 potions of degeneration
  5322 | D:6      | Identified a potion of attraction
  5588 | D:6      | Reached skill level 1 in Maces & Flails
  5588 | D:6      | Reached skill level 1 in Armour
  5774 | D:7      | Reached skill level 2 in Maces & Flails
  5774 | D:7      | Reached skill level 2 in Armour
  5838 | D:7      | Noticed Prince Ribbit
  6116 | D:7      | Found a bloodstained altar of Trog.
  6266 | D:7      | Reached XP level 9. HP: 48/50 MP: 7/10
  6473 | D:8      | Reached skill level 3 in Maces & Flails
  6539 | D:8      | Identified a potion of brilliance
  6623 | D:8      | Found a transporter.
  6627 | D:8      | Noticed a cyclops
  6630 | D:8      | Noticed a purple ugly thing
  6631 | D:8      | Noticed a cyan ugly thing
  6632 | D:8      | Noticed an orange crystal statue
  6632 | D:8      | Noticed an orc knight
  6708 | Temple   | Entered the Ecumenical Temple
  6781 | Temple   | Became a worshipper of Cheibriados the Contemplative
  6973 | D:8      | Reached skill level 3 in Armour
  7232 | D:8      | Found a transporter.
  7355 | D:8      | Reached * piety under Cheibriados
  7364 | D:8      | Reached skill level 4 in Maces & Flails
  7482 | D:8      | Identified a potion of invisibility
  7529 | D:9      | Reached skill level 4 in Armour
  7570 | D:9      | Noticed a kobold demonologist
  7591 | D:9      | Killed a kobold demonologist
  7602 | D:9      | Reached skill level 5 in Maces & Flails
  7677 | D:9      | Reached skill level 5 in Armour
  7749 | D:9      | Identified 3 scrolls of fear
  7777 | D:9      | Reached XP level 10. HP: 32/55 MP: 6/11
  7777 | D:9      | Upgraded the game from 0.32-a0-13-gbaedc58 to
                  | 0.32-a0-18-g89e19f1
  7784 | D:9      | Reached skill level 6 in Maces & Flails
  7786 | D:9      | Slain by an orc warrior

Illustrated notes

Levels and vault maps discovered:
D:1:      sevenhm_arrival_forest_fort_small_6, layout_basic, minmay_hexomino_f4
D:2:      layout_basic, basic_altar, uniq_jessica
D:3:      layout_loops_ring, mainiacjoe_overflow_brackets, uniq_ijyb
D:4:      kennysheep_big_flooded_room, layout_basic
D:5:      layout_loops_corners, nicolae_gozag_zags_fifth_avenue,
          gammafunk_ghost_nasty_kobolds, serial_undead, serial_undead_e,
          serial_undead_d, serial_undead_e, serial_undead_d, serial_undead_b
D:6:      layout_layer_cave, minmay_temple_entry_slanted
D:7:      layout_basic, kennysheep_mini, uniq_prince_ribbit1
D:8:      gammafunk_sealed_arena, layout_cave_pods
D:9:      layout_big_octagon, gammafunk_temple_overflow_statue
Temple:   minmay_temple_bridge_d

Skill      XL: |  1  2  3  4  5  6  7  8  9 10 |
---------------+-------------------------------+-----
Fighting       | 2 3 4 5 6 7 |  7.2
Short Blades   | 2 4 |  4.1
Dodging        | 2 4 |  4.7
Maces & Flails | 2 5 6 |  6.1
Armour         | 2 5 |  5.1
Ranged Weapons | |  3.6
Stealth        | |  1.2

Action                     |  1- 3 |  4- 6 |  7- 9 | 10-12 || total
---------------------------+-------+-------+-------+-------++-------
  Melee: Unarmed           |       |     4 |       |       ||     4
         Bite              |       |    25 |    98 |     7 ||   130
         Dagger            |       |    51 |   161 |       ||   212
         Punch             |       |     4 |     5 |       ||     9
         Whip              |       |       |    86 |     7 ||    93
   Fire: Shortbow          |    97 |   186 |    39 |       ||   322
         Orcbow            |       |       |    81 |       ||    81
  Throw: Dart              |       |     5 |     5 |     2 ||    12
  Evoke: Wand              |       |     2 |     3 |     1 ||     6
    Use: Scroll            |     1 |     1 |    10 |       ||    12
   Stab: Sleeping          |       |     2 |     1 |       ||     3
 Armour: Leather armour    |    23 |   134 |   173 |     7 ||   337
  Dodge: Dodged            |    19 |   122 |   158 |     3 ||   302

Table legend: (Time is in decaauts)
 A = Elapsed time spent in this place.
 B = Non-inter-level travel time spent in this place.
 C = Inter-level travel time spent in this place.
 D = Time resting spent in this place.
 E = Time spent auto-exploring this place.
 F = Levels seen in this place.
 G = Mean time per level.
                   A        B        C        D        E       F      G
               +--------+--------+--------+--------+--------+-----+--------+
         Total |   8045 |   7498 |    547 |    504 |   5362 |  10 |  804.5 |
       Dungeon |   7878 |   7495 |    383 |    504 |   5362 |   9 |  875.3 |
        Temple |    166 |      2 |    164 |      0 |      0 |   1 |  166.0 |
               +--------+--------+--------+--------+--------+-----+--------+

Top non-repeatable levels by time:
     D:1: 1212 daAuts
     D:5: 1184 daAuts
     D:8: 1000 daAuts
     D:4: 983 daAuts
     D:6: 917 daAuts
     D:3: 811 daAuts
     D:7: 782 daAuts
     D:2: 670 daAuts
     D:9: 315 daAuts
  Temple: 166 daAuts
